 Dungeon Crawl Stone Soup version 0.23-a0-241-g3b46b07 (webtiles) character file.

920 Irenicus the Reanimator (level 7, 0/56 HPs)
             Began as a Deep Dwarf Necromancer on Sept 26, 2018.
             Was a Follower of Makhleb.
             Slain by a cyan ugly thing (10 damage)
             ... on level 6 of the Dungeon.
             The game lasted 00:26:08 (3019 turns).

Irenicus the Reanimator (Deep Dwarf Necromancer)    Turns: 3019, Time: 00:26:08

Health: 0/56       AC:  7    Str: 12    XL:     7   Next: 83%
Magic:  1/10       EV: 12    Int: 16    God:    Makhleb [*.....]
Gold:   291        SH:  0    Dex: 13    Spells: 5/10 levels left

rFire    . . .     SeeInvis .   m - +1 war axe
rCold    . . .     Gourm    .   (no shield)
rNeg     . . .     Faith    .   t - +0 leather armour
rPois    .         Spirit   .   (no helmet)
rElec    .         Reflect  .   (no cloak)
rCorr    .         Harm     .   r - +2 pair of gloves
MR       +....                  (no boots)
Stlth    ++........             (no amulet)
HPRegen  0.00/turn              g - ring of wizardry (curse)
MPRegen  0.12/turn              j - +3 ring of intelligence

@: non-regenerating
A: damage resistance, heal wounds, rugged brown scales 1, clumsy 1, dopey 1,
sense surroundings 1, no regeneration
a: Heal Wounds, Renounce Religion


You were on level 6 of the Dungeon.
You worshipped Makhleb.
Makhleb was aware of your devotion.
You were not hungry.

You visited 2 branches of the dungeon, and saw 7 of its levels.

You collected 291 gold pieces.

Inventory:

Hand Weapons
 e - a +0 hand axe
 m - a +1 war axe (weapon)
Armour
 r - a +2 pair of gloves (worn)
 t - a +0 leather armour (worn)
Magical Staves
 k - an uncursed staff of air
Jewellery
 f - an uncursed ring of fire
 g - a cursed ring of wizardry (left hand)
 j - a +3 ring of intelligence (right hand)
 p - an uncursed ring of see invisible
Wands
 s - a wand of acid (2)
Scrolls
 a - a scroll of magic mapping
 d - 2 scrolls of teleportation
 o - 4 scrolls of identify
 q - a scroll of remove curse
Potions
 b - 2 potions of agility
 h - a potion of mutation
 i - a potion of brilliance
 l - a potion of haste
 n - 2 potions of lignification
 u - 4 potions of might
 v - a potion of curing
Comestibles
 c - 5 rations


   Skills:
 + Level 7.0 Axes
 - Level 2.2 Dodging
 - Level 2.4 Stealth
 - Level 2.0 Spellcasting
 - Level 8.0 Necromancy


You had 5 spell levels left.
You knew the following spells:

 Your Spells              Type           Power        Failure   Level  Hunger
a - Pain                  Necr           ####         1%          1    #......
b - Animate Skeleton      Necr           N/A          1%          1    #......
e - Vampiric Draining     Necr           ####......   1%          3    ###....

Your spell library contained the following spells:

 Spells                   Type           Power        Failure   Level  Hunger
 Animate Dead             Necr           N/A          4%          4    #####..
 Regeneration             Chrm/Necr      Unusable     N/A         3    N/A

Dungeon Overview and Level Annotations

Branches:
Dungeon (6/15)             Temple (1/1) D:4

Altars:
Ashenzari
Dithmenos
Elyvilon
Fedhas
Gozag
Hepliaklqana
Kikubaaqudgha
Makhleb
Nemelex Xobeh
Okawaru
Qazlal
Ru
Sif Muna
Trog
Wu Jian
Xom
Yredelemnul
The Shining One
Lugonu

Shops:
D:5 (

Annotations:
D:3 3 runed doors, derval's ghost, amateur DsNe
D:5 1 transporter, vogonpoet's ghost, novice SpWn


Innate Abilities, Weirdness & Mutations

You are resistant to damage.
You can heal yourself by infusing magical energy.
You passively map a small area around you.
You do not regenerate.
You are partially covered in rugged brown scales. (AC +1, +3% HP)
You are clumsy. (Dex -2)
You are dopey. (Int -2)


Message History

Aim: a cyan ugly thing The cyan ugly thing is lightly wounded.
You feel life coursing into your body. The cyan ugly thing barely misses you.
Casting: Vampiric Draining (safe; 1% risk of failure)
Confirm with . or Enter, or press ? or * to list all spells.
Aiming: Vampiric Draining (safe; 1% risk of failure)
Press: ? - help, Shift-Dir - straight line, f/p - cyan ugly thing
Aim: a cyan ugly thing (lightly wounded)
The cyan ugly thing is moderately wounded.
You feel life coursing into your body. The cyan ugly thing barely misses you.
Casting: Vampiric Draining (safe; 1% risk of failure)
Confirm with . or Enter, or press ? or * to list all spells.
Aiming: Vampiric Draining (safe; 1% risk of failure)
Press: ? - help, Shift-Dir - straight line, f/p - cyan ugly thing
Aim: a cyan ugly thing (moderately wounded)
The cyan ugly thing is moderately wounded.
You feel life coursing into your body. The cyan ugly thing engulfs you!
* * * LOW HITPOINT WARNING * * *
The cyan ugly thing shocks you!
You die...

#.#...# * , ###.#...# *,
* #.###.......# +# , *,
#..$......#.# .# *
#####.#.###.# *.# ,#
#........#.### ##.##.###
#.##.#.......###........
#, #.###.###.##.....# *
* *,*#.# #.# #.@uc....#
, ,
#.###.###.####.......
#.........# #.####.
*#####.##### .#** , #.#
*,. *........# *## **
#########


You could see a cyan ugly thing and a centaur.

Vanquished Creatures
  An ogre (D:3)
  2 centaurs (D:5)
  A scorpion (D:5)
  A howler monkey (D:5)
  3 crimson imps (D:5)
  A hound (D:6)
  A bullfrog zombie (D:5)
  A jelly (D:5)
  3 orc priests
  A centaur skeleton (D:5)
  2 orc wizards (D:3)
  2 worker ants (D:6)
  A worker ant zombie (D:5)
  A gnoll (D:6)
  3 adders
  2 shadow imps
  An ooze (D:4)
  2 dart slugs
  3 worms (D:3)
  A leopard gecko (D:3)
  12 orcs
  2 giant cockroaches
  4 goblins
  5 hobgoblins
  7 kobolds
  4 quokkas
  6 bats
  6 frilled lizards
  A leopard gecko zombie (D:5)
  3 rats
  A butterfly (D:4)
84 creatures vanquished.

Vanquished Creatures (collateral kills)
  A jelly (D:6)
  A hound (D:6)
  An orc (D:6)
  A bat (D:3)
4 creatures vanquished.

Grand Total: 88 creatures vanquished

Notes
Turn   | Place    | Note
-------+----------+-------------------------------------------
     0 | D:1      | Irenicus the Deep Dwarf Necromancer began the quest for the
                  | Orb.
     0 | D:1      | Reached XP level 1. HP: 15/15 MP: 3/3
     2 | D:1      | Learned a level 1 spell: Animate Skeleton
   192 | D:1      | Reached XP level 2. HP: 19/22 MP: 3/5
   271 | D:1      | Gained mutation: You are dopey. (Int -2) [potion of
                  | mutation]
   271 | D:1      | Gained mutation: You are clumsy. (Dex -2) [potion of
                  | mutation]
   271 | D:1      | Gained mutation: You are partially covered in rugged brown
                  | scales. (AC +1, +3% HP) [potion of mutation]
   343 | D:1      | Reached skill level 5 in Necromancy
   539 | D:2      | Found a bloodstained altar of Trog.
   539 | D:2      | Found a deep blue altar of Sif Muna.
   639 | D:2      | Found a basalt altar of Yredelemnul.
   740 | D:3      | Reached XP level 3. HP: 22/28 MP: 3/6
   771 | D:3      | Noticed an ogre
   866 | D:2      | Learned a level 3 spell: Vampiric Draining
   948 | D:3      | Found a white marble altar of Elyvilon.
  1036 | D:3      | Reached skill level 6 in Necromancy
  1036 | D:3      | Reached XP level 4. HP: 16/37 MP: 1/7
  1114 | D:3      | Killed an ogre
  1114 | D:3      | Reached skill level 7 in Necromancy
  1114 | D:3      | Reached XP level 5. HP: 11/43 MP: 0/8
  1326 | D:3      | Found a runed gate.
  1326 | D:3      | Found a runed gate.
  1326 | D:3      | Found a runed gate.
  1332 | D:3      | Noticed derval's ghost (amateur DsNe)
  1504 | D:4      | Found an ancient bone altar of Kikubaaqudgha.
  1682 | D:4      | Found a sacrificial altar of Ru.
  1803 | D:4      | Found a blossoming altar of Fedhas.
  1867 | D:4      | Found a staircase to the Ecumenical Temple.
  1875 | Temple   | Entered the Ecumenical Temple
  1991 | D:3      | Found a burning altar of Makhleb.
  2014 | D:3      | Reached XP level 6. HP: 46/50 MP: 4/9
  2220 | D:3      | Became a worshipper of Makhleb the Destroyer
  2259 | D:5      | Entered Level 5 of the Dungeon
  2278 | D:5      | Reached skill level 8 in Necromancy
  2290 | D:5      | Reached skill level 1 in Axes
  2327 | D:5      | Found Ucvi's Weapon Shop.
  2333 | D:5      | Found a transporter.
  2334 | D:5      | Noticed vogonpoet's ghost (novice SpWn)
  2452 | D:5      | Found a stormy altar of Qazlal.
  2520 | D:5      | Reached XP level 7. HP: 11/56 MP: 3/10
  2600 | D:5      | Reached skill level 5 in Axes
  2832 | D:6      | Reached * piety under Makhleb
  2841 | D:6      | Found a hazy altar of Hepliaklqana.
  3010 | D:6      | Noticed a cyan ugly thing
  3011 | D:6      | HP: 2/56 [cyan ugly thing (11)]
  3019 | D:6      | Slain by a cyan ugly thing

Vault maps used:
D:1:      elethiomel_arrival_shortcut, minmay_misc_feat_secret_circle
D:2:      yredelemnul_altar_generic, chequers_temple_overflow_statue_of_worship
D:3:      nicolae_overflow_hidden_temple, nicolae_overflow_crystal_walls,
          first_ration, gammafunk_ghost_necromancy, minmay_misc_feat_cross,
          kennysheep_decorative_pillar
D:4:      overflow_temple_1_default, kennysheep_mini, lemuel_round_altar,
          minmay_temple_entry_butterflies
D:5:      marbit_many_paths, gammafunk_ghost_smash, serial_shops, shop,
          minmay_tree_intersection
D:6:      hangedman_cross_stitches, lemuel_coloured_pillars_altar,
          lemuel_doored_altar, nicolae_ru_the_path_less_chosen
Temple:   corrupted_temple

Skill      XL: |  1  2  3  4  5  6  7 |
---------------+----------------------+-----
Spellcasting   | 2 |  2.0
Necromancy     | 5 6 7 8 |  8.0
Axes           | 4 7 |  7.0
Dodging        | |  2.2
Stealth        | |  2.4

Action                   |  1- 3 |  4- 6 |  7- 9 || total
-------------------------+-------+-------+-------++-------
Melee: Hand axe          |    16 |    75 |       ||    91
       War axe           |       |    18 |    49 ||    67
 Cast: Pain              |    57 |    45 |     9 ||   111
       Animate Skeleton  |     3 |     5 |     5 ||    13
       Vampiric Draining |     2 |    10 |    15 ||    27
 Abil: Heal Wounds       |       |     1 |     1 ||     2
  Use: Scroll            |     6 |     3 |     4 ||    13
       Potion            |     3 |     3 |     1 ||     7
 Stab: Sleeping          |     3 |       |       ||     3
  Eat: Chunk             |     1 |     4 |     4 ||     9
       Ration            |       |     1 |       ||     1
Armor: Robe              |     7 |     6 |       ||    13
       Leather armour    |       |    42 |    22 ||    64
       Skin              |       |    17 |       ||    17
Dodge: Dodged            |    26 |    68 |    38 ||   132

Table legend:
 A = Non-vault XP
 B = Vault XP
 C = Vault XP percentage of total XP
 D = Non-vault monster count
 E = Vault monster count
 F = Vault count percentage of total count
                 A         B        C        D         E       F
            +---------+---------+-------+---------+---------+-------
      Total |    1074 |     241 |  18.3 |      78 |       9 |  10.3
            +---------+---------+-------+---------+---------+-------
        D:1 |      25 |       0 |   0.0 |      15 |       0 |   0.0
        D:2 |      16 |       0 |   0.0 |      10 |       0 |   0.0
        D:3 |     287 |       0 |   0.0 |      24 |       0 |   0.0
        D:4 |      66 |       0 |   0.0 |       9 |       0 |   0.0
        D:5 |     599 |     112 |  15.8 |      17 |       1 |   5.6
        D:6 |      81 |     129 |  61.4 |       3 |       8 |  72.7
            +---------+---------+-------+---------+---------+-------
